Description

Save TvT build made by uThermal that should defend against most early agression

VOD

https://www.youtube.com/watch?v=88F-a7kw69g

Replay - CuKu v XDthermyDX - Glittering Ashes LE

Build Order

Get SALT Encoding   

  12  0:00  SCV  
  13  0:12  SCV  
  14  0:17  Supply Depot  
  14  0:24  SCV  
  15  0:39  SCV  
  15  0:40  Barracks  
  16  0:44  Refinery  
  16  0:51  SCV  
  17  0:58  Refinery  
  17  1:03  SCV  
  17  0:51  Action  Scout with Scv
  18  1:15  SCV  
  19  1:28  Orbital Command, Reaper  
  19  1:29  Supply Depot  
  20  1:43  Factory  
  20  1:53  SCV  
  21  2:00  Barracks Reactor  
  21  2:06  SCV  
  22  2:18  SCV  
  23  2:28  Command Center  
  23  2:29  Hellion  
  25  2:36  Reaper x2  
  29  2:46  Supply Depot  
  29  2:50  Hellion  
  31  3:05  Starport  
  31  3:08  Reaper x2  
  34  3:13  Hellion  
  37  3:25  Refinery  
  38  3:36  Factory Tech Lab  
  38  3:40  Marine x2, Orbital Command  
  41  3:53  Starport Tech Lab  
  41  3:55  Cyclone  
  44  3:58  Marine x2  
  47  4:05  Supply Depot  
  48  4:11  Raven  
  49  4:18  Marine x2  
  53  4:28  Supply Depot  
  53  4:30  Siege Tank  
  56  4:35  Marine x2  
  62  4:53  Marine x2  
  62  4:54  Raven  
  68  5:04  Siege Tank  
  76  5:24  Command Center  
  77  5:30  Refinery  
  79  5:40  Siege Tank  
  84  5:51  Viking x2  
  89  5:58  Stimpack  
  94  6:27  Viking x2, Siege Tank  
  99  6:57  Viking x2  
  105  7:12  Siege Tank  
  112  7:25  Orbital Command  
  112  7:27  Viking x2  
  120  7:44  Siege Tank  
  125  7:57  Viking x2  
  134  8:16  Barracks x2  
Spawning Tool Build Advisor. Get it on Overwolf

Go to:

Details

  • Created by: CandyShy
  • Published on: Oct 26, 2021
  • Modified on: Nov 09, 2021
  • Patch: 4.11.0
  • Difficulty: Medium
Show
View Real Time Build Order
Export as new Build Order

Comments (0)

There are no comments. Be the first!

Create an account to comment!